 Dungeon Crawl Stone Soup version 0.29-a0-648-g6b26cc9f40 (webtiles) character file.

Game seed: 5478318098651880686

26 Querens the Covered (level 3, -2/49 HPs)
             Began as a Meteoran Fighter on June 20, 2022.
             Slain by Terence
             ... wielding a +0 flail
              (5 damage)
             ... on level 2 of the Dungeon.
             The game lasted 00:02:06 (671 turns).

Querens the Covered (Meteoran Fighter)               Turns: 671, Time: 00:02:07

Health: -2/49      AC: 21    Str: 19    XL:     3   Next: 41%
Magic:  4/4        EV:  2    Int:  9    God:
Gold:   111        SH:  5    Dex: 14    Spells: 2/2 levels left

rFire   . . .      SeeInvis .   h - +2 hand axe (flame)
rCold   . . .      Faith    .   c - +0 buckler
rNeg    . . .      Spirit   .   (body armour currently unavailable)
rPois   +          Reflect  .   (helmet currently unavailable)
rElec   .          Harm     .   (cloak currently unavailable)
rCorr   .          Rampage  .   (gloves currently unavailable)
Will    .....      NoTele   +   (boots currently unavailable)
Stlth   +.........              (no amulet)
HPRegen 0.16/turn               (no ring)
MPRegen 0.09/turn               (no ring)

@: mighty, tree-form, glowing, invisible (but backlit and visible)
A: stationary, stasis, torment immunity, boosted hp, sense surroundings 1,
otherworldly, glowing, explore regen
a: no special abilities


You were on level 2 of the Dungeon.
You were a tree.
You visited 1 branch of the dungeon, and saw 2 of its levels.

You collected 111 gold pieces.

Inventory:

Hand Weapons
 h - a +2 hand axe of flaming (weapon)
Armour
 b - a +0 scale mail (melded)
 c - a +0 buckler (worn)
Scrolls
 f - a scroll of blinking {unknown}
 g - a scroll of immolation {unknown}
Potions
 i - a potion of attraction {unknown}


   Skills:
 + Level 3.6 Fighting
 + Level 3.0 Axes
 + Level 4.0 Armour
 + Level 4.0 Shields


You had 2 spell levels left.
You didn't know any spells.
Your spell library was empty.

Dungeon Overview and Level Annotations

Branches:
Dungeon (2/15) Zot: 507

Altars:

Annotations:
D:2 Terence


Innate Abilities, Weirdness & Mutations

You are a tree.
Your roots penetrate the ground, keeping you stationary.
You cannot be teleported.
You are immune to unholy pain and torment.
Your maximum health is greatly increased.
Your equipment is partially melded.
You passively map a small area around you.
You are easily found by Zot.
You glow in the dark.
You regain HP and MP as you explore.


Message History

You kill the kobold!
No target in view!
No target in view!
You now have 111 gold pieces (gained 12).
A quokka comes into view.
Found a fizzy black potion and a whip.
The quokka barely misses you.
You barely miss the quokka.
The quokka bites you but does no damage.
You slash the quokka! You burn the quokka.
You kill the quokka!
Your Axes skill increases to level 3!
No target in view!
No target in view!
i - a fizzy black potion Terence the Incautious comes into view.
He is wielding a +0 flail.
A bat comes into view.
Terence hits you with a +0 flail.
You closely miss Terence. You closely miss the bat. The bat hits you.
Terence hits you with a +0 flail! Terence hits you with a +0 flail.
You hit Terence. You burn Terence.
Terence is moderately wounded.
The bat closely misses you. Terence hits you with a +0 flail!
* * * LOW HITPOINT WARNING * * *
You are too injured to fight recklessly!
You are too injured to fight recklessly!
It was a potion of invisibility.
You become transparent, but the glow from your body prevents you from becoming completely invisible.
The bat hits you but does no damage.
Terence says, "Time to say good-bye..."
Terence barely misses you.
You feel very mighty all of a sudden. You block the bat's attack.
Terence hits you with a +0 flail.
* * * LOW HITPOINT WARNING * * *
Unknown command.
It was a potion of lignification.
You turn into a tree.
Your +0 scale mail melds into your body.
Your roots penetrate the ground.
You block the bat's attack. x2
Terence hits you with a +0 flail.
You die...

** , * ########## *
*#+######..).....#
,*,##.##.#.#.......#. ,
.#.##♣..##.#.......#.#
......@..b..........#.##
, *,
..............†....#.##
* ..................#.##
.................#.## *
*
#...#..#.#..#...#.######
,
.######...######.#......
, ..#.#..#...#.### *, ,
.......8....#.##


You could see Terence and a bat.

Vanquished Creatures
  2 dart slugs
  4 bats
  3 giant cockroaches
  3 hobgoblins (D:1)
  3 kobolds
  2 quokkas
  A ball python (D:2)
  A rat (D:2)
19 creatures vanquished.

Vanquished Creatures (others)
  A plant (D:1)
1 creature vanquished.

Grand Total: 20 creatures vanquished

Notes
Turn   | Place    | Note
-------+----------+-------------------------------------------
     0 | D:1      | Querens the Meteoran Fighter began the quest for the Orb.
     0 | D:1      | Reached XP level 1. HP: 19/19 MP: 2/2
    84 | D:1      | Reached XP level 2. HP: 25/26 MP: 3/3
   487 | D:1      | Glimpsed the power of Zot.
   535 | D:1      | Glimpsed the power of Zot.
   550 | D:1      | Reached XP level 3. HP: 26/31 MP: 4/4
   571 | D:1      | Glimpsed the power of Zot.
   663 | D:2      | Noticed Terence
   671 | D:2      | Slain by Terence

Illustrated notes

Levels and vault maps discovered:
D:1:      scummos_arrival_simple_crosswalls, layout_basic, serial_forest,
          infiniplex_forest_lined_3, infiniplex_forest_clump_small,
          infiniplex_forest_clump_tiny, infiniplex_forest_clump_diagonal
D:2:      wad_pebble_path, layout_rooms, minmay_hedge_maze, uniq_terence

Skill      XL: |  1  2  3 |
---------------+----------+-----
Armour         | 4 |  4.0
Shields        | 4 |  4.0
Axes           | 3 |  3.0
Fighting       | |  3.6

Action                   || total
-------------------------++-------
Melee: War axe           ||    46
       Hand axe          ||    13
  Use: Potion            ||     3
Armor: Scale mail        ||    41
Dodge: Dodged            ||    32
Block: Buckler           ||    21

Table legend: (Time is in decaauts)
 A = Elapsed time spent in this place.
 B = Non-inter-level travel time spent in this place.
 C = Inter-level travel time spent in this place.
 D = Time resting spent in this place.
 E = Time spent auto-exploring this place.
 F = Levels seen in this place.
 G = Mean time per level.
                   A        B        C        D        E       F      G
               +--------+--------+--------+--------+--------+-----+--------+
         Total |    691 |    644 |     47 |      0 |      0 |   2 |  345.5 |
       Dungeon |    691 |    644 |     47 |      0 |      0 |   2 |  345.5 |
               +--------+--------+--------+--------+--------+-----+--------+

Top non-repeatable levels by time:
     D:1: 596 daAuts
     D:2: 95 daAuts
